[ AOE2 MATCH · #504589272 ]
UnrankedMaya vs Wei
Player's team · LOSS
Rival team · WIN
[ REPLAY ANALYSIS · EXTRACTED FROM THE RECORDED GAME ]
Feudal
11:34
Castle
24:35
Imperial
—
| APM avg | 56.3 |
| APM peak | 89 |
| eAPM avg | 25.6 |
| Villagers / military | 84 / 77 |
Focus
⚔️ 33.7% · 🌾 66.3%
Archer ×26 · Spearman ×13 · Eagle Scout ×12 · Plumed Archer ×9 · Militia ×8 · Skirmisher ×5
Feudal
10:44
Castle
25:13
Imperial
—
| APM avg | 63.6 |
| APM peak | 114 |
| eAPM avg | 21.7 |
| Villagers / military | 102 / 15 |
Focus
⚔️ 34.6% · 🌾 65.4%
Unknown (1944) ×48 · Unknown (1949) ×13 · Skirmisher ×7 · Battering Ram ×5 · Scout Cavalry ×3
Match map
Initial resources + every placement click. Lines = walls · curves = elevation contours. ◆ gold · ⬟ stone · ● berries · ✦ relic · ◌ wall gap
Your base· Open — unwalled flank
Panelo's base· Open — unwalled flank
Smoothed initial terrain · ◌ = detected wall gap · hover for details
Inputs per minute
— CORP_hector_sin_elo - - Panelo
Build order — CORP_hector_sin_elo
First 150 of 325 actions detected
| 0:00 | Queue | Villager (Male) |
| 0:00 | Queue | Villager (Male) |
| 0:01 | Queue | Villager (Male) |
| 0:04 | Research | Loom |
| 0:06 | Build | House |
| 0:07 | Build | House |
| 0:28 | Queue | Villager (Male) |
| 0:28 | Queue | Villager (Male) |
| 0:28 | Queue | Villager (Male) |
| 1:26 | Queue | Villager (Male) |
| 1:57 | Queue | Villager (Male) |
| 2:28 | Queue | Villager (Male) |
| 2:58 | Queue | Villager (Male) |
| 3:12 | Build | Barracks |
| 3:20 | Queue | Villager (Male) |
| 3:40 | Queue | Villager (Male) |
| 3:54 | Build | House |
| 4:11 | Queue | Militia |
| 4:17 | Build | House |
| 4:21 | Queue | Villager (Male) |
| 4:39 | Queue | Villager (Male) |
| 4:53 | Queue | Militia |
| 4:54 | Build | Palisade Wall |
| 4:55 | Build | Palisade Wall |
| 4:56 | Build | Palisade Wall |
| 4:57 | Build | Palisade Wall |
| 5:15 | Queue | Villager (Male) |
| 5:30 | Queue | Villager (Male) |
| 5:35 | Build | Lumber Camp |
| 6:18 | Queue | Villager (Male) |
| 6:24 | Queue | Militia |
| 6:39 | Queue | Villager (Male) |
| 7:17 | Build | House |
| 7:22 | Queue | Villager (Male) |
| 8:05 | Queue | Villager (Male) |
| 8:16 | Build | House |
| 8:23 | Build | Mill |
| 8:32 | Queue | Villager (Male) |
| 8:45 | Build | House |
| 8:57 | Build | Palisade Wall |
| 8:58 | Build | Palisade Wall |
| 9:24 | Research | Feudal Age |
| 9:28 | Queue | Militia |
| 9:36 | Build | Mining Camp |
| 9:53 | Queue | Militia |
| 10:13 | Build | House |
| 10:34 | Queue | Militia |
| 10:48 | Build | House |
| 11:13 | Build | House |
| 11:31 | Build | Palisade Wall |
| 11:32 | Build | Palisade Wall |
| 11:34 | Age | Feudal Age |
| 11:39 | Research | Man-at-Arms (upgrade) |
| 11:46 | Build | Palisade Wall |
| 11:47 | Build | Palisade Wall |
| 11:48 | Build | Palisade Wall |
| 11:51 | Queue | Villager (Male) |
| 11:55 | Build | Archery Range |
| 12:14 | Build | Palisade Wall |
| 12:15 | Build | Palisade Wall |
| 12:17 | Build | Palisade Wall |
| 12:18 | Build | Palisade Wall |
| 12:27 | Build | Palisade Wall |
| 12:39 | Build | Watch Tower |
| 12:44 | Build | Palisade Wall |
| 12:44 | Build | Palisade Wall |
| 12:45 | Build | Palisade Wall |
| 12:50 | Queue | Skirmisher |
| 12:51 | Queue | Villager (Male) |
| 13:09 | Queue | Spearman |
| 13:13 | Queue | Villager (Male) |
| 13:15 | Build | Farm |
| 13:31 | Queue | Spearman |
| 13:33 | Queue | Skirmisher |
| 13:41 | Build | Palisade Wall |
| 13:42 | Build | Palisade Wall |
| 13:44 | Build | Palisade Wall |
| 13:46 | Build | Palisade Wall |
| 13:48 | Build | Palisade Wall |
| 14:03 | Queue | Spearman |
| 14:04 | Queue | Villager (Male) |
| 14:06 | Build | Farm |
| 14:17 | Build | Palisade Wall |
| 14:18 | Build | House |
| 14:19 | Queue | Villager (Male) |
| 14:21 | Queue | Spearman |
| 14:26 | Build | Farm |
| 14:32 | Queue | Skirmisher |
| 14:33 | Queue | Villager (Male) |
| 14:45 | Build | Palisade Wall |
| 14:54 | Queue | Militia |
| 15:14 | Build | House |
| 15:23 | Build | Mining Camp |
| 15:46 | Queue | Villager (Male) |
| 15:56 | Build | Palisade Wall |
| 15:56 | Build | Palisade Wall |
| 15:56 | Build | Palisade Wall |
| 16:00 | Queue | Villager (Male) |
| 16:07 | Build | Farm |
| 16:11 | Build | House |
| 16:14 | Queue | Villager (Male) |
| 16:18 | Build | Farm |
| 16:25 | Build | Farm |
| 16:30 | Queue | Archer |
| 16:41 | Build | Farm |
| 16:49 | Queue | Skirmisher |
| 16:51 | Queue | Villager (Male) |
| 17:05 | Build | Watch Tower |
| 17:12 | Queue | Militia |
| 17:13 | Queue | Villager (Male) |
| 17:25 | Build | Farm |
| 17:32 | Queue | Archer |
| 17:34 | Build | Farm |
| 17:35 | Queue | Villager (Male) |
| 17:53 | Build | Palisade Wall |
| 17:54 | Build | Palisade Wall |
| 17:59 | Build | Farm |
| 17:59 | Queue | Villager (Male) |
| 18:17 | Build | Palisade Wall |
| 18:27 | Build | Blacksmith |
| 18:29 | Build | Palisade Wall |
| 18:37 | Build | Palisade Wall |
| 18:44 | Research | Wheelbarrow |
| 18:53 | Research | Double-Bit Axe |
| 19:26 | Build | Farm |
| 19:29 | Build | Farm |
| 19:41 | Build | Farm |
| 19:47 | Queue | Villager (Male) |
| 19:50 | Build | Palisade Wall |
| 19:59 | Build | Farm |
| 20:03 | Build | Palisade Wall |
| 20:05 | Build | Palisade Wall |
| 20:15 | Build | Farm |
| 20:25 | Build | Farm |
| 20:30 | Queue | Villager (Male) |
| 20:32 | Build | Farm |
| 20:58 | Build | Farm |
| 21:01 | Queue | Villager (Male) |
| 21:03 | Build | Farm |
| 21:14 | Build | Palisade Wall |
| 21:55 | Research | Castle Age |
| 22:05 | Build | Barracks |
| 22:20 | Build | Palisade Wall |
| 22:24 | Research | Horse Collar |
| 22:27 | Queue | Eagle Scout |
| 22:27 | Queue | Eagle Scout |
| 22:30 | Research | Fletching |
| 22:40 | Queue | Skirmisher |
| 23:04 | Queue | Eagle Scout |
| 23:07 | Queue | Archer |
Build order — Panelo
First 150 of 301 actions detected
| 0:01 | Queue | Villager (Male) |
| 0:01 | Queue | Villager (Male) |
| 0:01 | Queue | Villager (Male) |
| 0:02 | Queue | Villager (Male) |
| 0:03 | Build | House |
| 0:05 | Build | House |
| 1:25 | Queue | Villager (Male) |
| 1:26 | Queue | Villager (Male) |
| 2:02 | Queue | Villager (Male) |
| 2:02 | Queue | Villager (Male) |
| 2:34 | Queue | Villager (Male) |
| 2:35 | Queue | Villager (Male) |
| 2:53 | Build | Lumber Camp |
| 2:55 | Queue | Villager (Male) |
| 3:14 | Queue | Villager (Male) |
| 3:14 | Queue | Villager (Male) |
| 3:43 | Queue | Villager (Male) |
| 3:43 | Queue | Villager (Male) |
| 3:44 | Queue | Villager (Male) |
| 3:56 | Build | House |
| 4:05 | Queue | Villager (Male) |
| 4:32 | Queue | Villager (Male) |
| 4:37 | Build | Mill |
| 4:58 | Queue | Villager (Male) |
| 5:17 | Queue | Villager (Male) |
| 5:45 | Research | Loom |
| 6:24 | Queue | Villager (Male) |
| 6:38 | Queue | Villager (Male) |
| 6:46 | Build | House |
| 7:15 | Queue | Villager (Male) |
| 7:24 | Build | Mill |
| 7:44 | Queue | Villager (Male) |
| 8:34 | Research | Feudal Age |
| 9:41 | Build | Barracks |
| 9:53 | Build | House |
| 10:44 | Age | Feudal Age |
| 10:46 | Build | Stable |
| 10:47 | Queue | Villager (Male) |
| 10:56 | Research | Double-Bit Axe |
| 11:12 | Queue | Villager (Male) |
| 11:13 | Research | Horse Collar |
| 11:28 | Queue | Scout Cavalry |
| 11:33 | Queue | Villager (Male) |
| 11:59 | Build | Archery Range |
| 12:04 | Queue | Scout Cavalry |
| 12:07 | Queue | Villager (Male) |
| 12:14 | Build | House |
| 12:28 | Queue | Scout Cavalry |
| 12:39 | Build | Farm |
| 12:44 | Queue | Skirmisher |
| 12:50 | Build | Farm |
| 13:10 | Build | Farm |
| 13:14 | Build | Farm |
| 13:29 | Queue | Villager (Male) |
| 13:29 | Queue | Villager (Male) |
| 13:31 | Build | Farm |
| 13:36 | Queue | Skirmisher |
| 13:40 | Build | House |
| 13:58 | Queue | Skirmisher |
| 14:07 | Queue | Skirmisher |
| 14:08 | Queue | Skirmisher |
| 14:16 | Queue | Villager (Male) |
| 14:18 | Build | Mining Camp |
| 14:40 | Queue | Villager (Male) |
| 14:43 | Queue | Skirmisher |
| 14:59 | Queue | Villager (Male) |
| 15:06 | Build | Watch Tower |
| 15:19 | Build | Farm |
| 15:21 | Build | Farm |
| 15:43 | Queue | Villager (Male) |
| 15:46 | Build | Farm |
| 15:49 | Build | Farm |
| 15:53 | Build | Watch Tower |
| 16:07 | Queue | Villager (Male) |
| 16:19 | Build | Mining Camp |
| 16:26 | Queue | Villager (Male) |
| 16:26 | Queue | Villager (Male) |
| 16:28 | Build | House |
| 16:34 | Queue | Skirmisher |
| 16:43 | Queue | Villager (Male) |
| 16:46 | Build | Farm |
| 16:57 | Build | House |
| 16:58 | Build | Palisade Wall |
| 17:22 | Queue | Villager (Male) |
| 17:29 | Build | Farm |
| 17:30 | Queue | Villager (Male) |
| 17:35 | Queue | Villager (Male) |
| 17:42 | Build | Lumber Camp |
| 17:53 | Build | Farm |
| 18:00 | Queue | Villager (Male) |
| 18:18 | Queue | Villager (Male) |
| 18:27 | Build | Palisade Wall |
| 18:34 | Queue | Villager (Male) |
| 18:39 | Research | Town Watch |
| 18:45 | Queue | Villager (Male) |
| 18:53 | Build | Palisade Wall |
| 19:00 | Queue | Villager (Male) |
| 19:17 | Queue | Villager (Male) |
| 19:22 | Queue | Villager (Male) |
| 19:28 | Build | Market |
| 19:32 | Build | Blacksmith |
| 19:36 | Queue | Villager (Male) |
| 19:39 | Build | Farm |
| 19:42 | Build | Farm |
| 19:43 | Queue | Villager (Male) |
| 19:54 | Research | Fletching |
| 20:05 | Build | Stable |
| 20:18 | Build | House |
| 20:38 | Queue | Villager (Male) |
| 20:56 | Build | Watch Tower |
| 21:04 | Queue | Villager (Male) |
| 21:19 | Queue | Villager (Male) |
| 21:24 | Build | Farm |
| 21:25 | Build | Farm |
| 21:26 | Build | Farm |
| 22:16 | Build | Mining Camp |
| 22:29 | Build | Farm |
| 22:33 | Research | Castle Age |
| 22:45 | Build | Palisade Wall |
| 22:46 | Build | Palisade Wall |
| 23:05 | Research | Stone Mining |
| 23:06 | Research | Gold Mining |
| 23:08 | Queue | Villager (Male) |
| 23:14 | Build | Stable |
| 23:35 | Research | Bloodlines |
| 24:09 | Build | House |
| 24:52 | Build | Stable |
| 25:13 | Age | Castle Age |
| 25:21 | Build | Castle |
| 25:25 | Queue | Villager (Male) |
| 25:27 | Research | Scale Barding Armor |
| 25:28 | Research | Forging |
| 25:35 | Queue | Unit 1944 |
| 25:35 | Queue | Unit 1944 |
| 25:54 | Queue | Villager (Male) |
| 25:59 | Build | Town Center |
| 26:15 | Queue | Villager (Male) |
| 26:15 | Queue | Villager (Male) |
| 26:17 | Build | House |
| 26:19 | Build | House |
| 26:28 | Queue | Unit 1949 |
| 26:39 | Build | Farm |
| 26:40 | Build | Farm |
| 26:47 | Queue | Villager (Male) |
| 26:53 | Queue | Unit 1944 |
| 26:53 | Queue | Unit 1944 |
| 26:57 | Build | Farm |
| 27:06 | Queue | Unit 1949 |
| 27:27 | Build | Farm |
| 27:28 | Build | Farm |
Match timeline
| 3:12 | CORP_hector_sin_elo · first_building Barracks |
| 4:54 | CORP_hector_sin_elo · wall_segment Palisade Wall x1 |
| 4:55 | CORP_hector_sin_elo · wall_segment Palisade Wall x1 |
| 4:56 | CORP_hector_sin_elo · wall_segment Palisade Wall x4 |
| 4:57 | CORP_hector_sin_elo · wall_segment Palisade Wall x1 |
| 8:57 | CORP_hector_sin_elo · wall_segment Palisade Wall x1 |
| 8:58 | CORP_hector_sin_elo · wall_segment Palisade Wall x3 |
| 9:41 | Panelo · first_building Barracks |
| 10:44 | Panelo · age_up feudal |
| 10:46 | Panelo · first_building Stable |
| 11:31 | CORP_hector_sin_elo · wall_segment Palisade Wall x1 |
| 11:32 | CORP_hector_sin_elo · wall_segment Palisade Wall x6 |
| 11:34 | CORP_hector_sin_elo · age_up feudal |
| 11:46 | CORP_hector_sin_elo · wall_segment Palisade Wall x1 |
| 11:47 | CORP_hector_sin_elo · wall_segment Palisade Wall x1 |
| 11:48 | CORP_hector_sin_elo · wall_segment Palisade Wall x2 |
| 11:55 | CORP_hector_sin_elo · first_building Archery Range |
| 11:59 | Panelo · first_building Archery Range |
| 12:14 | CORP_hector_sin_elo · wall_segment Palisade Wall x1 |
| 12:15 | CORP_hector_sin_elo · wall_segment Palisade Wall x5 |
| 12:17 | CORP_hector_sin_elo · wall_segment Palisade Wall x1 |
| 12:18 | CORP_hector_sin_elo · wall_segment Palisade Wall x5 |
| 12:27 | CORP_hector_sin_elo · wall_segment Palisade Wall x1 |
| 12:44 | CORP_hector_sin_elo · wall_segment Palisade Wall x1 |
| 12:44 | CORP_hector_sin_elo · wall_segment Palisade Wall x1 |
| 12:45 | CORP_hector_sin_elo · wall_segment Palisade Wall x1 |
| 13:41 | CORP_hector_sin_elo · wall_segment Palisade Wall x1 |
| 13:42 | CORP_hector_sin_elo · wall_segment Palisade Wall x2 |
| 13:44 | CORP_hector_sin_elo · wall_segment Palisade Wall x3 |
| 13:46 | CORP_hector_sin_elo · wall_segment Palisade Wall x1 |
| 13:48 | CORP_hector_sin_elo · wall_segment Palisade Wall x2 |
| 14:17 | CORP_hector_sin_elo · wall_segment Palisade Wall x1 |
| 14:45 | CORP_hector_sin_elo · wall_segment Palisade Wall x1 |
| 15:56 | CORP_hector_sin_elo · wall_segment Palisade Wall x1 |
| 15:56 | CORP_hector_sin_elo · wall_segment Palisade Wall x1 |
| 15:56 | CORP_hector_sin_elo · wall_segment Palisade Wall x1 |
| 16:58 | Panelo · wall_segment Palisade Wall x1 |
| 17:53 | CORP_hector_sin_elo · wall_segment Palisade Wall x2 |
| 17:54 | CORP_hector_sin_elo · wall_segment Palisade Wall x4 |
| 18:17 | CORP_hector_sin_elo · wall_segment Palisade Wall x1 |
| 18:27 | Panelo · wall_segment Palisade Wall x10 |
| 18:29 | CORP_hector_sin_elo · wall_segment Palisade Wall x8 |
| 18:37 | CORP_hector_sin_elo · wall_segment Palisade Wall x2 |
| 18:53 | Panelo · wall_segment Palisade Wall x10 |
| 19:50 | CORP_hector_sin_elo · wall_segment Palisade Wall x1 |
| 20:03 | CORP_hector_sin_elo · wall_segment Palisade Wall x1 |
| 20:05 | CORP_hector_sin_elo · wall_segment Palisade Wall x1 |
| 21:14 | CORP_hector_sin_elo · wall_segment Palisade Wall x1 |
| 22:20 | CORP_hector_sin_elo · wall_segment Palisade Wall x1 |
| 22:45 | Panelo · wall_segment Palisade Wall x7 |
| 22:46 | Panelo · wall_segment Palisade Wall x4 |
| 24:35 | CORP_hector_sin_elo · age_up castle |
| 24:35 | CORP_hector_sin_elo · wall_segment Palisade Wall x1 |
| 24:37 | CORP_hector_sin_elo · wall_segment Palisade Wall x4 |
| 25:13 | Panelo · age_up castle |
| 25:20 | CORP_hector_sin_elo · first_building Siege Workshop |
| 25:21 | Panelo · first_building Castle |
| 25:29 | CORP_hector_sin_elo · wall_segment Palisade Wall x1 |
| 25:30 | CORP_hector_sin_elo · wall_segment Palisade Wall x9 |
| 26:31 | CORP_hector_sin_elo · wall_segment Palisade Wall x6 |
| 27:05 | CORP_hector_sin_elo · wall_segment Palisade Wall x1 |
| 27:06 | CORP_hector_sin_elo · wall_segment Palisade Wall x1 |
| 28:21 | CORP_hector_sin_elo · first_building Monastery |
| 29:21 | CORP_hector_sin_elo · wall_segment Palisade Wall x1 |
| 29:51 | CORP_hector_sin_elo · wall_segment Palisade Wall x1 |
| 30:40 | CORP_hector_sin_elo · first_building Castle |
| 31:16 | CORP_hector_sin_elo · wall_segment Palisade Wall x1 |
| 32:28 | Panelo · first_building Siege Workshop |
| 32:56 | CORP_hector_sin_elo · wall_segment Palisade Wall x1 |
| 33:01 | CORP_hector_sin_elo · wall_segment Palisade Wall x1 |
| 33:15 | CORP_hector_sin_elo · wall_segment Palisade Wall x1 |
| 34:31 | CORP_hector_sin_elo · wall_segment Palisade Wall x3 |
| 38:37 | CORP_hector_sin_elo · resign |
[ AI ANALYSIS · 1 CREDIT ]
What really happened in this match?
Wolo.gg analyzes every decision: build order, eco, micro, common mistakes by bracket. Personalized analysis on WhatsApp or Discord in 30 seconds.
Civ guide
Maya
Perfil
Jugador #459775